MLB
TEXAS RANGERS @ PITTSBURGH PIRATES
04/26/2110
 
TOP OF THE 1ST
Texas Rangers batting - Pitching for Pittsburgh Pirates : LHP Monte Acosta
Pitching: LHP Monte Acosta
Batting: RHB Brock Guertin 0-0: Ball
1-0: Ball
2-0: Ball
3-0: Base on Balls
Batting: LHB Shane Trahan 0-0: Called Strike
Brock Guertin steals 2nd base
0-1: Called Strike
Brock Guertin steals 3rd base
0-2: Ball
1-2: Foul Ball, location: 25F
1-2: Ball
2-2: Foul Ball, location: 7LMF
2-2: Fly out, F7 (Flyball, 7D, EV 101.9 MPH)
Runner from 3rd tags up, SCORES, no throw by LF
Batting: RHB Jules Roberts 0-0: Ball
1-0: Reached on error, E1 (Groundball, 15S, EV 62.5 MPH)
Batting: RHB John Parry 0-0: Ball
1-0: Swinging Strike
1-1: Ball
2-1: Ball
3-1: Base on Balls
Jules Roberts to second
Batting: SHB Scott Pabian 0-0: Ball
1-0: Foul Ball, location: 3SF
1-1: Ball
2-1: Foul Ball, location: 3F
2-2: Fly out, F7 (Flyball, 78D, EV 93.8 MPH)
Batting: RHB Justin Kerby 0-0: Ball
1-0: Ball
2-0: Ball
3-0: Called Strike
3-1: Swinging Strike
3-2: Foul Ball, location: 23F
3-2: Foul Ball, location: 9LMF
3-2: Fielders Choice at 3rd, U5 (Groundball, 5, EV 108.8 MPH)
Top of the 1st over - 1 run, 0 hits, 1 error, 1 left on base; Texas 1 - Pittsburgh 0
BOTTOM OF THE 1ST
Pittsburgh Pirates batting - Pitching for Texas Rangers : RHP Nick Jenkins
Pitching: RHP Nick Jenkins
Batting: LHB Kurt Villarreal 0-0: Ball
1-0: Reached on error, E4 (Groundball, 4, EV 109.4 MPH)
Batting: RHB Preston Vail 0-0: Ball
1-0: Ball
2-0: SINGLE (Line Drive, 34D, EV 94.4 MPH)
Kurt Villarreal to second
Batting: RHB Randy Donahue 0-0: Ball
1-0: Ball
2-0: Called Strike
2-1: 3-RUN HOME RUN (Flyball, 8RXD, EV 107.5 MPH), Distance : 426 ft
Batting: SHB Jesse Wheaton 0-0: Ball
1-0: Swinging Strike
1-1: Ball
2-1: Ball
3-1: Base on Balls
Batting: RHB Tomas Voivodic 0-0: Ball
1-0: Ball
2-0: Called Strike
2-1: Fly out, F8 (Flyball, 8RM, EV 93.8 MPH)
Batting: RHB David Windsor 0-0: Ball
1-0: Swinging Strike
1-1: SINGLE (Line Drive, 9S, EV 92.5 MPH)
Jesse Wheaton to second
Batting: RHB Raul Rodriguez 0-0: Ball
1-0: Ball
2-0: Called Strike
2-1: Ball
3-1: Base on Balls
Jesse Wheaton to third
David Windsor to second
Batting: SHB Pat Wilson 0-0: Ball
1-0: Ball
2-0: Swinging Strike
2-1: Foul Ball, location: 2F
2-2: Strikes out looking
Batting: RHB Tony Solorio 0-0: Ground out 5-3 (Groundball, 56, EV 105.0 MPH)
Bottom of the 1st over - 3 runs, 3 hits, 1 error, 3 left on base; Texas 1 - Pittsburgh 3
TOP OF THE 2ND
Texas Rangers batting - Pitching for Pittsburgh Pirates : LHP Monte Acosta
Batting: RHB Chiaki Koike 0-0: Ball
1-0: Ball
2-0: Fly out, F7 (Flyball, 78D, EV 93.8 MPH)
Batting: RHB Antonio Gonzalez 0-0: Called Strike
0-1: Foul Ball, location: 7LSF
0-2: Ball
1-2: Fly out, F3 (Popup, 3F, EV 70.0 MPH)
Batting: RHB Felipe Fernandez 0-0: Ball
1-0: Foul Ball, location: 5F
1-1: Ground out U3 (Groundball, 34, EV 75.6 MPH)
Top of the 2nd over - 0 runs, 0 hits, 0 errors, 0 left on base; Texas 1 - Pittsburgh 3
BOTTOM OF THE 2ND
Pittsburgh Pirates batting - Pitching for Texas Rangers : RHP Nick Jenkins
Batting: LHB Kurt Villarreal 0-0: Foul Ball, location: 2F
0-1: Ball
1-1: Foul Ball, location: 2F
1-2: Ground out 4-3 (Groundball, 4, EV 101.9 MPH)
Batting: RHB Preston Vail 0-0: Called Strike
0-1: Ground out 5-3 (Groundball, 56, EV 92.5 MPH)
Batting: RHB Randy Donahue 0-0: Foul Ball, location: 3F
0-1: Ball
1-1: Foul Ball, location: 3FF
1-2: Strikes out looking
Bottom of the 2nd over - 0 runs, 0 hits, 0 errors, 0 left on base; Texas 1 - Pittsburgh 3
TOP OF THE 3RD
Texas Rangers batting - Pitching for Pittsburgh Pirates : LHP Monte Acosta
Batting: RHB Brock Guertin 0-0: Foul Ball, location: 3DF
0-1: Ball
1-1: Foul Ball, location: 7LMF
1-2: Ball
2-2: Ball
3-2: Ground out 5-3 (Groundball, 56, EV 86.9 MPH)
Batting: LHB Shane Trahan 0-0: Called Strike
0-1: Foul Ball, location: 2F
0-2: Foul Ball, location: 2LF
0-2: Ball
1-2: Ball
2-2: Ball
3-2: Fly out, F6 (Popup, 56, EV 60.6 MPH)
Batting: RHB Jules Roberts 0-0: Ball
1-0: Swinging Strike
1-1: Foul Ball, location: 5FF
1-2: Ground out U3 (Groundball, 3, EV 86.9 MPH)
Top of the 3rd over - 0 runs, 0 hits, 0 errors, 0 left on base; Texas 1 - Pittsburgh 3
BOTTOM OF THE 3RD
Pittsburgh Pirates batting - Pitching for Texas Rangers : RHP Nick Jenkins
Batting: SHB Jesse Wheaton 0-0: Ball
1-0: Ball
2-0: Called Strike
2-1: Called Strike
2-2: Ball
3-2: Foul Ball, location: 5F
3-2: Strikes out swinging
Batting: RHB Tomas Voivodic 0-0: Ball
1-0: Ball
2-0: Ball
3-0: Base on Balls
Batting: RHB David Windsor 0-0: Called Strike
0-1: Foul Ball, location: 7LMF
0-2: Strikes out swinging
Batting: RHB Raul Rodriguez 0-0: Ball
1-0: Ball
Tomas Voivodic is caught stealing 2nd base 2-4
Bottom of the 3rd over - 0 runs, 0 hits, 0 errors, 0 left on base; Texas 1 - Pittsburgh 3
TOP OF THE 4TH
Texas Rangers batting - Pitching for Pittsburgh Pirates : LHP Monte Acosta
Batting: RHB John Parry 0-0: Foul Ball, location: 3FF
0-1: Ball
1-1: Ground out 3-1 (Groundball, 34, EV 110.0 MPH)
Batting: SHB Scott Pabian 0-0: Ball
1-0: Reached on error, E6 (Groundball, 6, EV 86.3 MPH)
Batting: RHB Justin Kerby 0-0: Ball
1-0: Ball
2-0: Called Strike
2-1: Ball
3-1: Foul Ball, location: 5F
3-2: SINGLE (Groundball, 6MD, EV 105.6 MPH)
Scott Pabian to second
Scott Pabian to third
Batting: RHB Chiaki Koike 0-0: Called Strike
0-1: 3-RUN HOME RUN (Flyball, 7D, EV 96.9 MPH), Distance : 372 ft
Batting: RHB Antonio Gonzalez 0-0: Foul Ball, location: 2F
0-1: SINGLE (Line Drive, 34, EV 98.1 MPH)
Batting: RHB Felipe Fernandez 0-0: Ball
1-0: Ball
2-0: Fly out, F4 (Line Drive, 4D, EV 71.9 MPH)
Batting: RHB Brock Guertin 0-0: Foul Ball, location: 9LDF
0-1: Foul Ball, location: 5F
0-2: Foul Ball, location: 3FF
0-2: Foul Ball, location: 5FF
0-2: Foul Ball, location: 2F
0-2: Ball
1-2: Ball
2-2: Ball
Antonio Gonzalez steals 2nd base
3-2: SINGLE (Line Drive, 56D, EV 102.5 MPH)
Antonio Gonzalez to third
Runner from 3rd tries for Home, SAFE, throw by LF to home
Pitching: LHP Mitch White
Batting: LHB Shane Trahan 0-0: Called Strike
0-1: Swinging Strike
0-2: Foul Ball, location: 7LDF
0-2: Strikes out swinging
Top of the 4th over - 4 runs, 4 hits, 1 error, 1 left on base; Texas 5 - Pittsburgh 3
BOTTOM OF THE 4TH
Pittsburgh Pirates batting - Pitching for Texas Rangers : RHP Nick Jenkins
Batting: RHB Raul Rodriguez 0-0: Foul Ball, location: 5F
0-1: Foul Ball, location: 9LMFF
0-2: Ball
1-2: Foul Ball, location: 5F
1-2: Strikes out looking
Batting: SHB Pat Wilson 0-0: Ground out 1-3 (Groundball, 13S, EV 68.8 MPH)
Batting: RHB Tony Solorio 0-0: Ground out 6-3 (Groundball, 56, EV 97.5 MPH)
Bottom of the 4th over - 0 runs, 0 hits, 0 errors, 0 left on base; Texas 5 - Pittsburgh 3
TOP OF THE 5TH
Texas Rangers batting - Pitching for Pittsburgh Pirates : LHP Mitch White
Batting: RHB Jules Roberts 0-0: Ball
1-0: DOUBLE (Line Drive, 9LS, EV 94.4 MPH)
Batting: RHB John Parry 0-0: Foul Ball, location: 2F
0-1: Foul Ball, location: 2F
0-2: Ball
1-2: Ball
2-2: Foul Ball, location: 25F
2-2: Foul Ball, location: 2F
2-2: SINGLE (Line Drive, 89M, EV 103.1 MPH)
Jules Roberts to third
Runner from 3rd tries for Home, SAFE, throw by CF to home
Batting: SHB Scott Pabian 0-0: Ball
1-0: Foul Ball, location: 23FF
1-1: Swinging Strike
1-2: Foul Ball, location: 3SF
1-2: Fly out, F7 (Flyball, 7LSF, EV 86.9 MPH)
Batting: RHB Justin Kerby 0-0: Foul Ball, location: 9LDF
0-1: DOUBLE (Line Drive, 89D, EV 101.3 MPH)
John Parry to third
Runner from 3rd tries for Home, SAFE, no throw by CF
Batting: RHB Chiaki Koike 0-0: Ball
1-0: Ball
2-0: Ball
3-0: Called Strike
3-1: Foul Ball, location: 5SF
3-2: Foul Ball, location: 2F
3-2: Base on Balls
Batting: RHB Antonio Gonzalez 0-0: Ball
1-0: Called Strike
1-1: Called Strike
1-2: Ball
2-2: Ball
3-2: Strikes out swinging
Batting: RHB Felipe Fernandez 0-0: Ball
1-0: Ball
2-0: Foul Ball, location: 2F
2-1: Ball
3-1: Foul Ball, location: 9LSF
3-2: Foul Ball, location: 25FF
3-2: Foul Ball, location: 25FF
3-2: SINGLE (Line Drive, 9S, EV 96.3 MPH)
Justin Kerby to third
Chiaki Koike to second
Justin Kerby scores
Chiaki Koike to third
Batting: RHB Brock Guertin 0-0: Swinging Strike
0-1: Swinging Strike
0-2: Ground out 4-3 (Groundball, 4, EV 91.9 MPH)
Top of the 5th over - 3 runs, 4 hits, 0 errors, 2 left on base; Texas 8 - Pittsburgh 3
BOTTOM OF THE 5TH
Pittsburgh Pirates batting - Pitching for Texas Rangers : RHP Nick Jenkins
Batting: LHB Kurt Villarreal 0-0: SINGLE (Groundball, 34D, EV 95.0 MPH)
Batting: RHB Preston Vail 0-0: Called Strike
0-1: Called Strike
0-2: Ball
1-2: Strikes out looking
Batting: RHB Randy Donahue 0-0: Ball
1-0: Called Strike
1-1: Fly out, F8 (Flyball, 89D, EV 95.0 MPH)
Batting: SHB Jesse Wheaton 0-0: Ball
1-0: Ball
2-0: Ball
3-0: Called Strike
3-1: Base on Balls
Kurt Villarreal to second
Batting: RHB Tomas Voivodic 0-0: Called Strike
0-1: Fly out, F4 (Popup, 4MD, EV 63.1 MPH)
Bottom of the 5th over - 0 runs, 1 hit, 0 errors, 2 left on base; Texas 8 - Pittsburgh 3
TOP OF THE 6TH
Texas Rangers batting - Pitching for Pittsburgh Pirates : LHP Mitch White
Pitching: RHP John Berglund
Batting: LHB Shane Trahan 0-0: Foul Ball, location: 25FF
0-1: Called Strike
0-2: Foul Ball, location: 3F
0-2: Ball
1-2: Ball
2-2: Foul Ball, location: 2F
2-2: Ball
3-2: SINGLE (Flyball, 56D, EV 85.0 MPH)
Batting: RHB Jules Roberts 0-0: Ball
1-0: Foul Ball, location: 5FF
1-1: Ball
2-1: Ball
Passed Ball!
Shane Trahan to second
3-1: DOUBLE (Flyball, 8LXD, EV 112.5 MPH)
Shane Trahan scores
Batting: RHB John Parry 0-0: Called Strike
0-1: Ball
1-1: Swinging Strike
1-2: Foul Ball, location: 9LMF
1-2: Ball
2-2: Ball
3-2: Base on Balls
Batting: SHB Scott Pabian 0-0: Ball
1-0: Ball
2-0: Ball
3-0: Called Strike
3-1: Swinging Strike
3-2: Fly out, F8 (Flyball, 89D, EV 98.1 MPH)
Runner from 2nd tags up, SAFE at 3rd, no throw by CF
Batting: RHB Justin Kerby 0-0: Foul Ball, location: 23F
0-1: Ball
1-1: Swinging Strike
1-2: Strikes out swinging
Batting: RHB Chiaki Koike 0-0: Called Strike
0-1: Swinging Strike
0-2: Strikes out looking
Top of the 6th over - 1 run, 2 hits, 0 errors, 2 left on base; Texas 9 - Pittsburgh 3
BOTTOM OF THE 6TH
Pittsburgh Pirates batting - Pitching for Texas Rangers : RHP Nick Jenkins
Batting: RHB David Windsor 0-0: Ball
1-0: Foul Ball, location: 23FF
1-1: Swinging Strike
1-2: Fly out, F9 (Flyball, 9S, EV 98.1 MPH)
Batting: RHB Raul Rodriguez 0-0: Called Strike
0-1: Ball
1-1: SINGLE (Groundball, 34D, EV 104.4 MPH)
Batting: SHB Pat Wilson 0-0: Called Strike
0-1: Ball
1-1: Swinging Strike
1-2: Strikes out swinging
Batting: RHB Tony Solorio 0-0: Fly out, F8 (Flyball, 89M, EV 84.4 MPH)
Bottom of the 6th over - 0 runs, 1 hit, 0 errors, 1 left on base; Texas 9 - Pittsburgh 3
TOP OF THE 7TH
Texas Rangers batting - Pitching for Pittsburgh Pirates : RHP John Berglund
Pitching: RHP Mike Hansen
Batting: RHB Antonio Gonzalez 0-0: Ball
1-0: SINGLE (Groundball, 6D, EV 107.5 MPH)
Batting: RHB Felipe Fernandez 0-0: Called Strike
Antonio Gonzalez steals 2nd base
0-1: Foul Ball, location: 7LSF
0-2: Strikes out swinging
Batting: RHB Brock Guertin 0-0: Ball
1-0: Ball
2-0: Called Strike
2-1: Ball
3-1: Swinging Strike
3-2: Strikes out looking
Batting: LHB Shane Trahan 0-0: Swinging Strike
0-1: Ball
1-1: Foul Ball, location: 2F
1-2: Foul Ball, location: 3DF
1-2: Strikes out looking
Top of the 7th over - 0 runs, 1 hit, 0 errors, 1 left on base; Texas 9 - Pittsburgh 3
BOTTOM OF THE 7TH
Pittsburgh Pirates batting - Pitching for Texas Rangers : RHP Nick Jenkins
Batting: LHB Kurt Villarreal 0-0: SINGLE (Groundball, 4MD, EV 101.9 MPH)
Pitching: LHP Keith Strickland
Batting: RHB Preston Vail 0-0: Ball
1-0: Foul Ball, location: 23FF
1-1: Foul Ball, location: 3F
1-2: Ball
2-2: Strikes out swinging
Batting: RHB Randy Donahue 0-0: Ball
1-0: Ball
2-0: Called Strike
2-1: Ball
3-1: Foul Ball, location: 7LDF
3-2: Foul Ball, location: 2F
3-2: 2-RUN HOME RUN (Flyball, 7D, EV 97.5 MPH), Distance : 371 ft
Batting: SHB Jesse Wheaton 0-0: Called Strike
0-1: Fly out, F9 (Flyball, 9LM, EV 83.8 MPH)
Batting: RHB Tomas Voivodic 0-0: Ball
1-0: SINGLE (Groundball, 4MD, EV 108.8 MPH)
Batting: RHB David Windsor 0-0: Fly out, F4 (Popup, 4MD, EV 55.0 MPH)
Bottom of the 7th over - 2 runs, 3 hits, 0 errors, 1 left on base; Texas 9 - Pittsburgh 5
TOP OF THE 8TH
Texas Rangers batting - Pitching for Pittsburgh Pirates : RHP Mike Hansen
Batting: RHB Jules Roberts 0-0: Called Strike
0-1: Ball
1-1: Ground out 4-3 (Groundball, 4S, EV 68.1 MPH)
Batting: RHB John Parry 0-0: Ball
1-0: Swinging Strike
1-1: Ball
2-1: Ball
3-1: Ground out 6-3 (Groundball, 6, EV 108.1 MPH)
Batting: SHB Scott Pabian 0-0: Ball
1-0: Foul Ball, location: 9LMF
1-1: Ball
2-1: Fly out, F5 (Popup, 56, EV 65.6 MPH)
Top of the 8th over - 0 runs, 0 hits, 0 errors, 0 left on base; Texas 9 - Pittsburgh 5
BOTTOM OF THE 8TH
Pittsburgh Pirates batting - Pitching for Texas Rangers : LHP Keith Strickland
Batting: RHB Raul Rodriguez 0-0: Ball
1-0: Swinging Strike
1-1: Called Strike
1-2: Fly out, F3 (Popup, 3SF, EV 70.6 MPH)
Batting: SHB Pat Wilson 0-0: Ball
1-0: Called Strike
1-1: Called Strike
1-2: Ball
2-2: Ball
3-2: Base on Balls
Batting: RHB Tony Solorio 0-0: Ball
1-0: Ball
2-0: Ball
3-0: Called Strike
3-1: Base on Balls
Pat Wilson to second
Pitching: LHP Montes Galli
Batting: LHB Kurt Villarreal 0-0: Called Strike
0-1: Called Strike
0-2: Ball
1-2: Ball
2-2: Strikes out swinging
Batting: RHB Preston Vail 0-0: Swinging Strike
0-1: Foul Ball, location: 2LF
0-2: Ball
1-2: Fly out, F9 (Line Drive, 9, EV 98.1 MPH)
Bottom of the 8th over - 0 runs, 0 hits, 0 errors, 2 left on base; Texas 9 - Pittsburgh 5
TOP OF THE 9TH
Texas Rangers batting - Pitching for Pittsburgh Pirates : RHP Mike Hansen
Pitching: RHP Willie Lopez
Batting: RHB Justin Kerby 0-0: Foul Ball, location: 2RF
0-1: Ball
1-1: Ball
2-1: SINGLE (Groundball, 6D, EV 102.5 MPH)
Batting: RHB Chiaki Koike 0-0: Ball
1-0: Swinging Strike
1-1: Foul Ball, location: 9LDF
1-2: Foul Ball, location: 2F
1-2: Foul Ball, location: 25F
1-2: Strikes out looking
Batting: RHB Antonio Gonzalez 0-0: Called Strike
0-1: Ball
1-1: Ball
2-1: Ball
3-1: Fielders Choice at 2nd, 6-4 (Groundball, 6, EV 106.3 MPH)
Batting: RHB Felipe Fernandez 0-0: Called Strike
Antonio Gonzalez steals 2nd base
0-1: Foul Ball, location: 9LMF
0-2: SINGLE (Line Drive, 9S, EV 99.4 MPH)
Antonio Gonzalez to third
Runner from 3rd tries for Home, SAFE, throw by RF to home
Batting: RHB Brock Guertin 0-0: Ball
1-0: Foul Ball, location: 2F
1-1: Ball
2-1: Fly out, F2 (Popup, 13S, EV 90.0 MPH)
Top of the 9th over - 1 run, 2 hits, 0 errors, 1 left on base; Texas 10 - Pittsburgh 5
BOTTOM OF THE 9TH
Pittsburgh Pirates batting - Pitching for Texas Rangers : LHP Montes Galli
Batting: RHB Randy Donahue 0-0: Foul Ball, location: 5F
0-1: SINGLE (Line Drive, 78S, EV 88.8 MPH)
Batting: SHB Jesse Wheaton 0-0: Ball
1-0: Ball
2-0: Called Strike
2-1: Foul Ball, location: 2RF
2-2: Foul Ball, location: 3DF
2-2: Fly out, F8 (Flyball, 89XD, EV 106.3 MPH)
Batting: RHB Tomas Voivodic 0-0: Fly out, F9 (Flyball, 9, EV 91.9 MPH)
Batting: RHB David Windsor 0-0: Called Strike
0-1: Ball
1-1: Swinging Strike
1-2: Strikes out swinging
Bottom of the 9th over - 0 runs, 1 hit, 0 errors, 1 left on base; Texas 10 - Pittsburgh 5
Tuesday, May 27th , 2025 - OOTP Baseball 26.3 Build 55